 Dungeon Crawl Stone Soup version 0.29-a0-334-gb41bcbb86e (webtiles) character file.

Game seed: 10236583897266731586

91 ImHallYall the Chopper (level 4, 0/33 HPs)
             Began as a Demonspawn Gladiator on Apr 13, 2022.
             Hit by a goblin thrown by Robin (1 damage)
             ... on level 3 of the Dungeon.
             The game lasted 00:03:30 (2831 turns).

ImHallYall the Chopper (Demonspawn Gladiator)       Turns: 2831, Time: 00:03:32

Health: 0/33       AC:  9    Str: 16    XL:     4   Next: 34%
Magic:  4/4        EV:  8    Int:  9    God:
Gold:   115        SH:  0    Dex: 21    Spells: 3/3 levels left

rFire   . . .      SeeInvis .   a - +0 war axe
rCold   . . .      Faith    .   (no shield)
rNeg    . . .      Spirit   .   o - +0 chain mail {rPois}
rPois   +          Reflect  .   c - +0 helmet
rElec   .          Harm     .   (no cloak)
rCorr   .          Rampage  .   (no gloves)
Will    .....                   (no boots)
Stlth   ..........              (no amulet)
HPRegen 0.11/turn               q - +6 ring of dexterity
MPRegen 0.09/turn               (no ring)

@: no status effects
A: claws 1, powered by pain 1
a: no special abilities


You were on level 3 of the Dungeon.
You visited 1 branch of the dungeon, and saw 3 of its levels.

You collected 115 gold pieces.

Inventory:

Hand Weapons
 a - a +0 war axe (weapon)
Missiles
 d - 3 throwing nets (quivered)
 e - a javelin
Armour
 b - a +0 leather armour
 c - a +0 helmet (worn)
 j - a +0 scale mail
 o - a +0 chain mail of poison resistance (worn)
Jewellery
 q - a +6 ring of dexterity (left claw)
Scrolls
 f - 2 scrolls of magic mapping
 k - 2 scrolls of vulnerability
 n - a scroll of amnesia {unknown}
 p - a scroll of identify
Potions
 g - a potion of curing
 h - a potion of attraction {unknown}
 i - a potion of flight
 l - a potion of degeneration {unknown}
 m - a potion of haste


   Skills:
 + Level 2.2 Fighting
 + Level 4.0 Axes
 + Level 1.8 Throwing
 + Level 1.1 Armour
 + Level 3.1 Dodging
 + Level 0.1 Stealth


You had 3 spell levels left.
You didn't know any spells.
Your spell library was empty.

Dungeon Overview and Level Annotations

Branches:
Dungeon (3/15)

Altars:

Annotations:
D:3 Ijyb, Robin


Innate Abilities, Weirdness & Mutations

You have sharp fingernails.
You sometimes gain a little power by taking damage.


Message History

Robin of the Strong Arm comes into view.
They are wielding a +0 club.
Ijyb the Twisted Goblin comes into view.
She is wielding a +0 club and carrying a wand of paralysis (7).
A goblin and a hobgoblin come into view.
The goblin shouts!
The hobgoblin shouts!
A goblin comes into view. It is wielding a +0 dagger.
A goblin comes into view. It is wielding a +0 club.
A goblin and a hobgoblin come into view.
The goblin shouts! x2; The hobgoblin shouts!
Robin roars a battlecry!
The goblins go into a battle-frenzy!
The goblin hits you with a +0 dagger.
Ijyb zaps a wand.
You suddenly lose the ability to move!
Robin throws the goblin at you! The goblin completely misses you.
The goblin hits you but does no damage.
Ijyb drinks a potion.
Ijyb seems to speed up.
The goblin hits you but does no damage.
The goblin hits you with a +0 dagger. x2
The goblin hits you but does no damage.
Ijyb screams, "No!
No, no, no, no!"
Robin roars a battlecry!
Ijyb goes into a battle-frenzy!
The goblin hits you with a +0 dagger. The goblin hits you with a +0 club.
The goblin hits you but does no damage. x3
The hobgoblin hits you. The goblin hits you but does no damage.
The goblin hits you with a +0 dagger. The goblin hits you but does no damage.
Robin says, "Kneel, worm!"
The hobgoblin hits you but does no damage.
The goblin hits you but does no damage. x2
The goblin hits you with a +0 dagger.
The goblin hits you but does no damage. x2
You can move again.
You closely miss the hobgoblin. You closely miss the goblin. x2
You slash the goblin!
You kill the goblin!
You barely miss the goblin. You barely miss Ijyb. You slash the goblin!
You kill the goblin!
Ijyb hits you with a +0 club!
* * * LOW HITPOINT WARNING * * *
The hobgoblin hits you.
* * * LOW HITPOINT WARNING * * *
Robin throws the goblin at you!
You die...

........ .#.....#
#......# .......###
#......# .. ..........#
#......#...
..........####......#...
...............gg.......
..............g.ggg.....
..........#....g@gg.....
................)g......
.#.....#.##.............
.#...............###....
.#..........####.#......
####......#.##..........
## #......#.##..........
.. #....................
.. #.......†............


You could see Ijyb (fast, strong), Robin, 2 hobgoblins and 6 goblins.

Vanquished Creatures
  4 gnolls (D:3)
  An adder (D:3)
  A dart slug (D:1)
  4 ball pythons
  4 endoplasms
  2 giant cockroaches (D:1)
  5 goblins
  5 hobgoblins
  5 bats
  3 frilled lizards (D:1)
  5 kobolds (D:1)
  6 rats
45 creatures vanquished.

Notes
Turn   | Place    | Note
-------+----------+-------------------------------------------
     0 | D:1      | ImHallYall the Demonspawn Gladiator began the quest for the
                  | Orb.
     0 | D:1      | Reached XP level 1. HP: 16/16 MP: 1/1
   365 | D:1      | Gained mutation: You have sharp fingernails. [demonic
                  | ancestry]
   365 | D:1      | Reached XP level 2. HP: 22/22 MP: 2/2
   713 | D:1      | Reached skill level 3 in Axes
  1560 | D:2      | Gained mutation: You sometimes gain a little power by
                  | taking damage. [demonic ancestry]
  1560 | D:2      | Reached XP level 3. HP: 21/27 MP: 3/3
  2220 | D:3      | Reached skill level 1 in Armour
  2226 | D:3      | Reached XP level 4. HP: 15/33 MP: 4/4
  2809 | D:3      | Reached skill level 4 in Axes
  2823 | D:3      | Noticed Robin
  2823 | D:3      | Noticed Ijyb
  2825 | D:3      | Paralysed by Ijyb for 6 turns
  2831 | D:3      | HP: 1/33 [hobgoblin[Robin] (4)]
  2831 | D:3      | Hit by a goblin thrown by Robin

Illustrated notes

Levels and vault maps discovered:
D:1:      lightli_iron_boxes, layout_basic, minmay_surrounded
D:2:      layout_loops_ring
D:3:      layout_basic, shapermc_ecumenical_altar_starsandcircs, uniq_sigmund,
          uniq_ijyb, uniq_robin

Skill      XL: |  1  2  3  4 |
---------------+-------------+-----
Dodging        | 3 |  3.1
Axes           | 3 4 |  4.0
Armour         | 1 |  1.1
Fighting       | |  2.2
Throwing       | |  1.8
Stealth        | |  0.1

Action                   |  1- 3 |  4- 6 || total
-------------------------+-------+-------++-------
Melee: War axe           |    97 |    10 ||   107
  Use: Scroll            |     3 |       ||     3
       Potion            |     2 |       ||     2
Armor: Leather armour    |    19 |       ||    19
       Scale mail        |    24 |       ||    24
       Chain mail        |    15 |    20 ||    35
Dodge: Dodged            |    83 |     3 ||    86

Table legend: (Time is in decaauts)
 A = Elapsed time spent in this place.
 B = Non-inter-level travel time spent in this place.
 C = Inter-level travel time spent in this place.
 D = Time resting spent in this place.
 E = Time spent auto-exploring this place.
 F = Levels seen in this place.
 G = Mean time per level.
                   A        B        C        D        E       F      G
               +--------+--------+--------+--------+--------+-----+--------+
         Total |   2865 |   2822 |     43 |    746 |   1521 |   3 |  955.0 |
       Dungeon |   2865 |   2822 |     43 |    746 |   1521 |   3 |  955.0 |
               +--------+--------+--------+--------+--------+-----+--------+

Top non-repeatable levels by time:
     D:1: 1489 daAuts
     D:2: 728 daAuts
     D:3: 647 daAuts
